 Dungeon Crawl Stone Soup version 0.27.1-33-g824d729ab1 (webtiles) character file.

Game seed: 2267214990279042750

415 halfoni the Chopper (level 7, -5/82 HPs)
             Began as a Human Berserker on Dec 18, 2021.
             Was a Priest of Trog.
             Slain by Menkaure (13 damage)
             ... on level 4 of the Dungeon.
             The game lasted 00:07:13 (3336 turns).

halfoni the Chopper (Human Berserker)               Turns: 3336, Time: 00:07:13

Health: -5/82      AC:  9    Str: 20    XL:     7   Next: 15%
Magic:  7/7        EV:  8    Int:  7    God:    Trog [***...]
Gold:   63         SH:  0    Dex: 12    Spells: 6/6 levels left

rFire    . . .     SeeInvis .   a - +0 hand axe
rCold    . . .     Faith    .   (no shield)
rNeg     . . .     Spirit   .   s - +0 chain mail
rPois    .         Reflect  .   (no helmet)
rElec    .         Harm     .   n - scarf {repulsion}
rCorr    .         Rampage  .   (no gloves)
Will     .....                  (no boots)
Stlth    ..........             (no amulet)
HPRegen  0.23/turn              (no ring)
MPRegen  0.10/turn              (no ring)

@: berserking, repel missiles, very quick
A: no striking features
a: Renounce Religion, Berserk, Trog's Hand


You were on level 4 of the Dungeon.
You worshipped Trog.
Trog was most pleased with you.
You visited 2 branches of the dungeon, and saw 5 of its levels.

You collected 63 gold pieces.

Inventory:

Hand Weapons
 a - a +0 hand axe (weapon)
Armour
 b - a +2 robe of willpower
 n - a scarf of repulsion (worn)
 s - a +0 chain mail (worn)
Jewellery
 g - a ring of fire
Scrolls
 c - 4 scrolls of teleportation {unknown}
 d - a scroll of identify {unknown}
 e - a scroll of blinking {unknown}
 l - a scroll of summoning {unknown}
 o - a scroll of silence {unknown}
 p - a scroll of enchant weapon {unknown}
 r - a scroll of acquirement {unknown}
Potions
 f - a potion of haste {unknown}
 h - a potion of cancellation {unknown}
 i - a potion of flight {unknown}
 k - a potion of heal wounds {unknown}
 m - a potion of lignification {unknown}
 q - a potion of mutation {unknown}


   Skills:
 + Level 4.3 Fighting
 + Level 5.4 Axes
 + Level 3.7 Armour
 + Level 3.0 Dodging


You had 6 spell levels left.
You didn't know any spells.
Your spell library was empty.

Dungeon Overview and Level Annotations

Branches:
Dungeon (4/15)             Temple (1/1) D:4

Altars:
Elyvilon
Fedhas
Gozag
Hepliaklqana
Makhleb
Nemelex Xobeh
Okawaru
Qazlal
Sif Muna
Trog
Uskayaw
Vehumet
Wu Jian
Xom
Yredelemnul
Zin
The Shining One

Annotations:
D:3 1 runed translucent door
D:4 Menkaure


Message History

There is an open door here.
Menkaure, Prince of Dust comes into view.
Menkaure shouts!
Found a stone staircase leading up.
An adder comes into view.
Menkaure calls on the powers of darkness!
The adder convulses!
The adder hisses angrily.
Your body is wracked with pain!
Okay, then.
Menkaure mumbles some strange words.
Menkaure seems to speed up.
You hear a shout!
Menkaure gestures at you while chanting.
Pain shoots through your body!
Menkaure murmurs in an indecipherable tongue.
There is an open door here.
You close the door.
Menkaure opens the door.
Unknown command.
Unknown command.
You see here a +0 quarterstaff.
A red film seems to cover your vision as you go berserk!
You feel yourself moving faster!
You feel mighty! Menkaure hits you.
You slash Menkaure!
Menkaure is moderately damaged.
Menkaure hits you!!
* * * LOW HITPOINT WARNING * * *
You barely miss Menkaure.
Menkaure is moderately damaged.
Menkaure barely misses you.
You slash Menkaure!
Menkaure is severely damaged.
You hit Menkaure.
Menkaure is almost destroyed.
Menkaure hits you.
* * * LOW HITPOINT WARNING * * *
You barely miss Menkaure.
Menkaure is almost destroyed.
Menkaure hits you!
You die...

#... #.# ######## #.#
#'########.####......#####.##
#......M....................#
#.########.####.###...###..##
#..# #.# #.# #...#....# #S.#
###'####.# #####.#.## #..<#
#......#.#######.#.# #M..#
#....M.#.#l..l.#.#.# #...#
#....@...#######.#.# #.#.#
#........#######.#.# ..#..
###.#..........#...# ..#..#
#....#########.....# . #....#
#.##### #. #....# #.#
#.##....#########.#
#..###+...........#
.......#.##########


You could see Menkaure (fast) and a frilled lizard.

Vanquished Creatures
  The ghost of Flarelocke the Slasher, an amateur DsGl (D:3)
  2 hounds (D:4)
  An orc priest (D:3)
  Jessica (D:3)
  2 orc wizards (D:3)
  4 adders
  A river rat (D:3)
  An ufetubus (D:4)
  A dart slug (D:1)
  6 orcs (D:3)
  5 bats
  8 endoplasms
  3 giant cockroaches
  3 goblins
  6 hobgoblins
  3 quokkas
  9 ball pythons
  5 frilled lizards
  4 kobolds
  7 rats
73 creatures vanquished.

Vanquished Creatures (others)
  A kobold (D:4)
  13 fungi (D:4)
  A plant (D:4)
15 creatures vanquished.

Grand Total: 88 creatures vanquished

Notes
Turn   | Place    | Note
-------+----------+-------------------------------------------
     0 | D:1      | halfoni the Human Berserker began the quest for the Orb.
     0 | D:1      | Reached XP level 1. HP: 18/18 MP: 1/1
   161 | D:1      | Reached XP level 2. HP: 13/24 MP: 2/2
   905 | D:1      | Reached XP level 3. HP: 27/29 MP: 3/3
  1158 | D:2      | Reached ** piety under Trog
  1831 | D:3      | Reached XP level 4. HP: 36/36 MP: 4/4
  1874 | D:3      | Found a runed translucent door.
  1883 | D:3      | Noticed Flarelocke's ghost (amateur DsGl)
  1904 | D:3      | Reached skill level 4 in Axes
  1904 | D:3      | Reached XP level 5. HP: 32/42 MP: 5/5
  2213 | D:3      | Found a runed translucent door.
  2557 | D:3      | Noticed Jessica
  2561 | D:3      | Killed Jessica
  2562 | D:3      | Reached XP level 6. HP: 48/48 MP: 6/6
  2707 | D:3      | Reached *** piety under Trog
  2712 | D:3      | Killed Flarelocke's ghost
  2713 | D:3      | Reached skill level 5 in Axes
  2934 | D:4      | Found a burning altar of Makhleb.
  2963 | D:4      | Reached XP level 7. HP: 55/55 MP: 7/7
  3038 | D:4      | Found a staircase to the Ecumenical Temple.
  3075 | Temple   | Entered the Ecumenical Temple
  3311 | D:4      | Noticed Menkaure
  3336 | D:4      | Slain by Menkaure

Illustrated notes

Levels and vault maps discovered:
D:1:      dpeg_arrival_three_same_balls, layout_loops_ring
D:2:      minmay_evil_eye, layout_rooms
D:3:      layout_rooms, ebering_ghost_sewer_f, uniq_jessica
D:4:      layout_basic, makhleb_heckhound_becter, nicolae_ru_awakened_eye,
          minmay_temple_entry_gardened_gates, serial_aquarium,
          aquarium_bridge_island_small [aquarium_subvault_small_water,
          aquarium_subvault_wall, aquarium_subvault_bridge,
          aquarium_subvault_bridge, aquarium_subvault_window],
          aquarium_bridge_long_joined [aquarium_subvault_window,
          aquarium_subvault_wall, aquarium_subvault_bridge,
          aquarium_subvault_wall, aquarium_subvault_window,
          aquarium_subvault_balcony], aquarium_window_1, aquarium_window_fake,
          aquarium_window_fake, aquarium_view_2e, aquarium_pool_S,
          lemuel_another_geyser, uniq_menkaure, uniq_crazy_yiuf_cottage
Temple:   nicolae_temple_x_marks_the_god

Skill      XL: |  1  2  3  4  5  6 |
---------------+-------------------+-----
Axes           | 4 5 |  5.4
Fighting       | 4 |  4.3
Armour         | 3 |  3.7
Dodging        | 3 |  3.0

Action                   |  1- 3 |  4- 6 |  7- 9 || total
-------------------------+-------+-------+-------++-------
Melee: Hand axe          |   102 |   143 |    34 ||   279
Invok: Berserk           |     2 |     5 |     2 ||     9
 Stab: Sleeping          |     1 |       |       ||     1
Armor: Animal skin       |    12 |       |       ||    12
       Ring mail         |    25 |    34 |       ||    59
       Chain mail        |       |    33 |    32 ||    65
Dodge: Dodged            |    64 |    78 |    20 ||   162
